 Dungeon Crawl Stone Soup version 0.29-a0-520-gc852659d43 (webtiles) character file.

Game seed: 16213678503507231646

63 happo123 the Sneak (level 4, -10/24 HPs)
             Began as a Kobold Enchanter on May 31, 2022.
             Mangled by a gnoll
             ... wielding a +0 flail
              (13 damage)
             ... on level 4 of the Dungeon.
             The game lasted 00:03:58 (1385 turns).

happo123 the Sneak (Kobold Enchanter)               Turns: 1385, Time: 00:03:59

Health: -10/24     AC:  2    Str:  5    XL:     4   Next: 31%
Magic:  1/8        EV: 15    Int: 18    God:
Gold:   56         SH:  0    Dex: 15    Spells: 6/8 levels left

rFire   . . .      SeeInvis .   j - +0 short sword (vamp)
rCold   . . .      Faith    .   (no shield)
rNeg    . . .      Spirit   .   b - +0 robe
rPois   .          Reflect  .   (no helmet)
rElec   .          Harm     .   (no cloak)
rCorr   .          Rampage  .   (no gloves)
Will    .....                   (no boots)
Stlth   ++++......              (no amulet)
HPRegen 0.08/turn               (no ring)
MPRegen 0.11/turn               (no ring)

@: no status effects
A: small, no large weapons, nightstalker 3
a: no special abilities


You were on level 4 of the Dungeon.
You visited 1 branch of the dungeon, and saw 3 of its levels.

You collected 56 gold pieces.

Inventory:

Hand Weapons
 a - a +1 dagger
 j - a +0 vampiric short sword (weapon)
Armour
 b - a +0 robe (worn)
Scrolls
 d - 2 scrolls of enchant armour {unknown}
 g - 3 scrolls of identify {unknown}
 h - a scroll of brand weapon {unknown}
 i - 2 scrolls of fog {unknown}
 k - a scroll of enchant weapon {unknown}
Potions
 c - 2 potions of invisibility
 e - a potion of might {unknown}
 f - 3 potions of curing {unknown}


   Skills:
 + Level 2.5 Short Blades
 + Level 3.1 Dodging
 + Level 4.6 Stealth
 + Level 2.8 Spellcasting
 + Level 3.4 Hexes


You had 6 spell levels left.
You knew the following spells:

 Your Spells              Type           Power      Damage    Failure   Level
a - Ensorcelled Hibernat  Hex/Ice        16%        N/A       13%         2

Your spell library contained the following spells:

 Spells                   Type           Power      Damage    Failure   Level
 Confusing Touch          Hex            14%        N/A       12%         3
 Tukima's Dance           Hex            14%        N/A       12%         3
 Summon Small Mammal      Summ           8%         N/A       17%         1
 Dazzling Flash           Conj/Hex       16%        N/A       26%         3
 Summon Guardian Golem    Hex/Summ       8%         N/A       26%         3
 Call Canine Familiar     Summ           2%         N/A       45%         3


Dungeon Overview and Level Annotations

Branches:
Dungeon (2/15)

Altars:

Shops:
D:1 !


Innate Abilities, Weirdness & Mutations

You are small and have problems with some larger weapons.
You are completely attuned to the shadows.


Message History

You are very lightly contaminated with residual magic.
Nothing appears to happen.
The gnoll misses you.
Aiming: Ensorcelled Hibernation (safe; 13% risk of failure)
Press: ? - help, Q - select action Shift-Dir - straight line, f/p - gnoll
Aim: a gnoll, wielding a +0 whip (chance to affect: 50%)
The gnoll looks drowsy...
The helpless gnoll fails to defend itself.
You puncture the gnoll!
You kill the gnoll!
A gnoll comes into view. It is wielding a +0 whip.
You have reached level 4!
Your magical contamination has completely faded away.
You hit the gnoll but do no damage. The gnoll completely misses you.
You hit the gnoll.
The gnoll is moderately wounded.
The gnoll barely misses you.
Aiming: Ensorcelled Hibernation (safe; 13% risk of failure)
Press: ? - help, Q - select action Shift-Dir - straight line, f - gnoll
Aim: a gnoll, wielding a +0 whip (moderately wounded, chance to affect: 50%)
The gnoll looks drowsy...
The helpless gnoll fails to defend itself.
You puncture the gnoll!
You kill the gnoll!
A gnoll comes into view. It is wielding a +0 flail.
You hit the gnoll.
The gnoll is moderately wounded.
The gnoll hits you with a +0 flail!
Ouch! That really hurt!
You hit the gnoll.
The gnoll is heavily wounded.
The gnoll hits you with a +0 flail!
* * * LOW HITPOINT WARNING * * *
You hit the gnoll.
The gnoll is almost dead.
You hit the gnoll but do no damage.
The gnoll is almost dead.
The gnoll hits you with a +0 flail!
Ouch! That really hurt!
You die...

...... #.. .g....
##########..
#...#####...........
#..#.............#.
#)#....####....†#.
.###.#..##≈≈≈#≈#..##.
........# ≈≈≈≈≈#.....
####g#.## #≈#≈≈##.###
#@#.≈≈≈≈ #.# #.#.#≈≈≈
#.#.##≈# ..... ≈≈ ...


You could see a gnoll.

Vanquished Creatures
  2 gnolls (D:4)
  2 adders (D:2)
  A worm (D:2)
  2 endoplasms
  A giant cockroach (D:1)
  5 hobgoblins
  4 ball pythons
  3 bats (D:1)
  A frilled lizard (D:1)
  A goblin (D:1)
  2 kobolds
  2 rats (D:1)
26 creatures vanquished.

Notes
Turn   | Place    | Note
-------+----------+-------------------------------------------
     0 | D:1      | happo123 the Kobold Enchanter began the quest for the Orb.
     0 | D:1      | Reached XP level 1. HP: 10/10 MP: 3/3
   353 | D:1      | Reached XP level 2. HP: 14/15 MP: 5/5
   356 | D:1      | Learned a level 2 spell: Ensorcelled Hibernation
   408 | D:1      | Found a faded altar of an unknown god.
   608 | D:1      | Found Folecylu's Distillery.
  1238 | D:2      | Reached XP level 3. HP: 19/19 MP: 6/6
  1328 | D:2      | You fall into a shaft and drop 2 floors!
  1369 | D:4      | Reached XP level 4. HP: 24/24 MP: 1/8
  1385 | D:4      | Mangled by a gnoll

Illustrated notes

Levels and vault maps discovered:
D:1:      saegor_arrival_simple_b, layout_basic, ebering_ecumenical_altar_rust,
          serial_shops, nicolae_shop_temple_entry_statues_fountains,
          chequers_serial_rivers_room_b
D:2:      layout_basic
D:4:      layout_loops_ring, minmay_shop_grid_forest, minivault_4,
          corexii_leaking_fountain, skrybe_limestone_x

Skill      XL: |  1  2  3 |
---------------+----------+-----
Short Blades   | 2 |  2.5
Dodging        | 3 |  3.1
Stealth        | |  4.6
Spellcasting   | |  2.8
Hexes          | |  3.4

Action                   |  1- 3 |  4- 6 || total
-------------------------+-------+-------++-------
Melee: Dagger            |    30 |       ||    30
       Short sword       |    20 |     7 ||    27
 Cast: Ensorcelled Hiber |     8 |     1 ||     9
 Stab: Sleeping          |    18 |     1 ||    19
Armor: Robe              |     4 |       ||     4
Dodge: Dodged            |    28 |     2 ||    30

Table legend: (Time is in decaauts)
 A = Elapsed time spent in this place.
 B = Non-inter-level travel time spent in this place.
 C = Inter-level travel time spent in this place.
 D = Time resting spent in this place.
 E = Time spent auto-exploring this place.
 F = Levels seen in this place.
 G = Mean time per level.
                   A        B        C        D        E       F      G
               +--------+--------+--------+--------+--------+-----+--------+
         Total |   1381 |   1269 |    112 |      0 |   1086 |   3 |  460.3 |
       Dungeon |   1381 |   1269 |    112 |      0 |   1086 |   3 |  460.3 |
               +--------+--------+--------+--------+--------+-----+--------+

Top non-repeatable levels by time:
     D:1: 1055 daAuts
     D:2: 270 daAuts
     D:4: 56 daAuts
